 Dungeon Crawl Stone Soup version 0.30-a0-900-g23479c02f2 (webtiles) character file.

Game seed: 1792609214626242938

48 cforsyth the Trooper (level 3, -1/37 HPs)
             Began as an Ogre Gladiator on Mar 19, 2023.
             Slain by an adder (2 damage)
             ... on level 2 of the Dungeon.
             The game lasted 00:01:10 (716 turns).

cforsyth the Trooper (Ogre Gladiator)                Turns: 716, Time: 00:01:11

Health: -1/37      AC:  3    Str: 20    XL:     3   Next: 72%
Magic:  3/3        EV: 10    Int:  9    God:
Gold:   13         SH:  0    Dex: 10    Spells: 2/2 levels left

rFire   + . .      SeeInvis .    a - +0 war axe
rCold   + . .      Faith    .    (no shield)
rNeg    . . .      Spirit   .    b - +0 robe
rPois   +          Reflect  .    c - +0 hat
rElec   +          Rampage  .    (no cloak)
rCorr   +                        (gloves unavailable)
Will    .....                    (boots unavailable)
Stlth   +                        (no amulet)
HPRegen 0.26/turn                (no ring)
MPRegen 0.08/turn                (no ring)

@: lethally poisoned (-1 -> -4), resistant, flying
A: large, unfitting armour, tough skin 1
a: no special abilities


You were on level 2 of the Dungeon.
You visited 1 branch of the dungeon, and saw 2 of its levels.

You collected 13 gold pieces.

Inventory:

Hand Weapons
 a - a +0 war axe (weapon)
Missiles
 d - 3 throwing nets (quivered)
 e - a large rock
Armour
 b - a +0 robe (worn)
 c - a +0 hat (worn)
Scrolls
 f - 2 scrolls of noise {unknown}
 g - a scroll of immolation {unknown}
 l - a scroll of acquirement {unknown}
 m - a scroll of teleportation {unknown}


   Skills:
 + Level 3.5 Fighting
 + Level 3.4 Axes
 + Level 2.5 Throwing
 + Level 3.1 Dodging


You had 2 spell levels left.
You didn't know any spells.
Your spell library contained the following spells:

 Spells                   Type           Power      Damage    Failure   Level
 Animate Dead             Necr           0%         N/A       99%         4
 Haunt                    Necr/Summ      0%         N/A       100%        7
 Infestation              Necr           0%         N/A       100%        8


Dungeon Overview and Level Annotations

Branches:
Dungeon (2/15)

Altars:


Innate Abilities, Weirdness & Mutations

You are too large for most types of armour.
You have tough skin. (AC +1)


Message History

You hit the adder.
The adder is heavily wounded.
You feel sick. The adder bites you.
* * * LOW HITPOINT WARNING * * *
The adder bites you.
* * * LOW HITPOINT WARNING * * *
You are more poisoned.
The adder poisons you!
You miss the adder.
The adder is heavily wounded.
You feel sick. The adder closely misses you.
You closely miss the adder.
The adder is heavily wounded.
You feel sick. The adder closely misses you. The adder barely misses you.
Unknown command.
It was a potion of resistance.
You feel protected.
You feel sick. The adder bites you.
* * * LOW HITPOINT WARNING * * *
It was a potion of curing.
You feel better. The adder completely misses you. The adder bites you.
* * * LOW HITPOINT WARNING * * *
You are lethally poisoned!
The adder poisons you!
It was a potion of flight.
You feel very buoyant.
You fly up into the air.
* * * LOW HITPOINT WARNING * * *
You feel sick. The adder barely misses you.
As you read the scroll labelled VUZOBO NOXEX, it crumbles to dust.
You feel aware of your surroundings.
It was a scroll of magic mapping.
* * * LOW HITPOINT WARNING * * *
You feel sick. The adder closely misses you.
As you read the scroll labelled YHOEDI LOSUMMUH, it crumbles to dust.
The scroll dissolves into smoke.
It was a scroll of fog.
* * * LOW HITPOINT WARNING * * *
You feel sick. The adder bites you.
* * * LOW HITPOINT WARNING * * *
The adder bites you.
You die...

####### #.....# #.....####***
#.........,,*
########******#.....#.#**,***
* ........,,,,,,,§§.§...#
*,,,* *
....############§§§#*,***,*,*
*
...............§@S#**,,,,,*,*
* .†..###.#.##.######
***,***,***** ...## #.#.##>#
*,,,,,,,,,, #.## #.#.##.#
*****,****, #.#####.#.##.#
*****,,,***, .....##.#.##.#
*,,,,,,,,,,, .....##.#.##.#
*,***,,,*,,, .....##....#.#
*,* **,**,** .....#*,.#.#.#
***,***,,,*,**


You could see an adder.

Vanquished Creatures
  A gnoll (D:1)
  3 ball pythons (D:1)
  2 bats (D:1)
  2 endoplasms (D:1)
  3 giant cockroaches (D:1)
  6 goblins (D:1)
  3 hobgoblins
  3 jackals (D:2)
  A quokka (D:1)
  A frilled lizard (D:1)
  4 kobolds (D:1)
  3 rats (D:1)
32 creatures vanquished.

Notes
Turn   | Place    | Note
-------+----------+-------------------------------------------
     0 | D:1      | cforsyth the Ogre Gladiator began the quest for the Orb.
     0 | D:1      | Reached XP level 1. HP: 22/22 MP: 1/1
    68 | D:1      | Reached XP level 2. HP: 29/29 MP: 2/2
   321 | D:1      | Reached XP level 3. HP: 37/37 MP: 3/3
   716 | D:2      | HP: 1/37 [adder (1)]
   716 | D:2      | Slain by an adder

Illustrated notes

Levels and vault maps discovered:
D:1:      dpeg_arrival_prison, layout_rooms
D:2:      layout_loops_ring, uniq_jessica

Skill      XL: |  1  2 |
---------------+-------+-----
Fighting       | 3 |  3.5
Dodging        | 3 |  3.1
Axes           | |  3.4
Throwing       | |  2.5

Action                     || total
---------------------------++-------
  Melee: War axe           ||    84
    Use: Potion            ||     3
         Scroll            ||     2
   Stab: Sleeping          ||     1
 Armour: Robe              ||    24
  Dodge: Dodged            ||    61

Table legend: (Time is in decaauts)
 A = Elapsed time spent in this place.
 B = Non-inter-level travel time spent in this place.
 C = Inter-level travel time spent in this place.
 D = Time resting spent in this place.
 E = Time spent auto-exploring this place.
 F = Levels seen in this place.
 G = Mean time per level.
                   A        B        C        D        E       F      G
               +--------+--------+--------+--------+--------+-----+--------+
         Total |    744 |    722 |     22 |      0 |    519 |   2 |  372.0 |
       Dungeon |    744 |    722 |     22 |      0 |    519 |   2 |  372.0 |
               +--------+--------+--------+--------+--------+-----+--------+

Top non-repeatable levels by time:
     D:1: 634 daAuts
     D:2: 109 daAuts
